Get step-by-step instructions on how to execute this build order below. Start the game timer, and the build order will tick by so you can play in parallel with StarCraft on a second screen or mobile device.

Game Time

  0:00

Last Step

  N/A

Next Step

Upcoming Step



Don't want to look back and forth between 2 screens? Try out our Overwolf App, the Spawning Tool Build Advisor to get an in-game overlay with this build!

Complete Build Order

  12  0:02  Probe  
  12  0:14  Probe  
  12  0:31  Pylon  
  12  0:32  Probe  
  12  0:36  Assimilator  
  12  0:49  Probe  
  12  0:59  Gateway  
  12  1:01  Probe  
  12  1:06  Gateway  
  12  1:13  Probe  
  12  1:19  Gateway  
  12  1:32  Gateway  
  12  1:49  Nexus  
  12  1:59  Cybernetics Core